 Dungeon Crawl Stone Soup version 0.28.0-53-g5a82cb258f (webtiles) character file.

Game seed: 17396052980377058133

23 maxinsky the Chopper (level 2, -3/27 HPs)
             Began as a Minotaur Berserker on June 19, 2022.
             Was a Follower of Trog.
             Slain by Grinder (4 damage)
             ... on level 3 of the Dungeon.
             The game lasted 00:18:10 (1959 turns).

maxinsky the Chopper (Minotaur Berserker)           Turns: 1959, Time: 00:18:10

Health: -3/27      AC:  6    Str: 21    XL:     2   Next: 72%
Magic:  1/1        EV: 11    Int:  4    God:    Trog [*.....]
Gold:   41         SH:  0    Dex:  9    Spells: 1/1 levels left

rFire   . . .      SeeInvis .   a - +0 hand axe
rCold   . . .      Faith    .   (no shield)
rNeg    . . .      Spirit   .   i - +0 ring mail
rPois   +          Reflect  .   (helmet restricted)
rElec   .          Harm     .   e - +0 cloak {rPois}
rCorr   .          Rampage  .   (no gloves)
Will    .....                   (no boots)
Stlth   ..........              (no amulet)
HPRegen 0.09/turn               (no ring)
MPRegen 0.07/turn               (no ring)

@: no status effects
A: horns 2, retaliatory headbutt
a: Renounce Religion, Berserk


You were on level 3 of the Dungeon.
You worshipped Trog.
Trog was aware of your devotion.
You visited 1 branch of the dungeon, and saw 3 of its levels.

You collected 41 gold pieces.

Inventory:

Hand Weapons
 a - a +0 hand axe (weapon)
Missiles
 f - 55 stones (quivered)
Armour
 b - a +0 animal skin
 e - a +0 cloak of poison resistance (worn)
 i - a +0 ring mail (worn)
Scrolls
 g - a scroll of summoning {unknown}
 h - a scroll of blinking {unknown}
 j - a scroll of torment {unknown}
 k - a scroll of immolation {unknown}
 m - 2 scrolls of identify {unknown}
 o - a scroll of vulnerability {unknown}
 p - a scroll of fog {unknown}
Potions
 c - a potion of might {unknown}
 d - 2 potions of curing {unknown}
 l - a potion of brilliance {unknown}
 n - a potion of heal wounds {unknown}


   Skills:
 - Level 3.9 Fighting
 * Level 4.6 Axes
 - Level 2.4 Armour
 - Level 2.2 Dodging


You had one spell level left.
You didn't know any spells.
Your spell library was empty.

Dungeon Overview and Level Annotations

Branches:
Dungeon (3/15)

Altars:

Annotations:
D:3 Grinder


Innate Abilities, Weirdness & Mutations

You have a pair of horns on your head.
You reflexively headbutt those who attack you in melee.


Message History

You barely miss Grinder. Your headbutt misses Grinder.
Grinder is moderately wounded.
Grinder hits you! Grinder hits you but does no damage.
You closely miss Grinder.
Grinder is moderately wounded.
Grinder closely misses you.
You closely miss Grinder. You headbutt Grinder.
Grinder is moderately wounded.
Grinder barely misses you.
You closely miss Grinder. Your headbutt misses Grinder.
Grinder is moderately wounded.
Grinder hits you!
You writhe in agony.
* * * LOW HITPOINT WARNING * * *
You are too injured to fight recklessly!
You closely miss Grinder. You punch Grinder.
Grinder is moderately wounded.
Grinder gestures at you.
You struggle to resist.
You hit Grinder.
Grinder is heavily wounded.
Grinder gestures at you.
You struggle to resist.
You closely miss Grinder.
Grinder is heavily wounded.
Grinder closely misses you.
You slash Grinder!
Grinder is heavily wounded.
Grinder closely misses you.
You hit Grinder.
Grinder is severely wounded.
Grinder hits you.
* * * LOW HITPOINT WARNING * * *
You writhe in agony.
* * * LOW HITPOINT WARNING * * *
You hit Grinder.
Grinder is severely wounded.
Grinder hits you.
* * * LOW HITPOINT WARNING * * *
You writhe in agony.
You die...

.#.#.#
...#.####
.........
#.##.##.#
#.##.##.#
#.##....#
#<##.##.#
#.......##.#
####.@5....#
####.####
#.# .5. ...#
....# .####
#.


You could see Grinder.

Vanquished Creatures
  A worm (D:2)
  A dart slug (D:2)
  5 bats
  An endoplasm (D:1)
  A giant cockroach (D:1)
  A goblin (D:2)
  2 hobgoblins (D:2)
  A quokka (D:1)
  2 ball pythons (D:2)
  A frilled lizard (D:2)
  A kobold (D:1)
  A rat (D:1)
18 creatures vanquished.

Notes
Turn   | Place    | Note
-------+----------+-------------------------------------------
     0 | D:1      | maxinsky the Minotaur Berserker began the quest for the
                  | Orb.
     0 | D:1      | Reached XP level 1. HP: 19/19 MP: 0/0
   663 | D:1      | Found a faded altar of an unknown god.
   812 | D:1      | Reached skill level 4 in Axes
   988 | D:1      | Reached XP level 2. HP: 27/27 MP: 1/1
  1943 | D:3      | Noticed Grinder
  1959 | D:3      | HP: 1/27 [Grinder (1)]
  1959 | D:3      | Slain by Grinder

Illustrated notes

Levels and vault maps discovered:
D:1:      erik_arrival_triangle_medium, layout_basic,
          shapermc_ecumenical_altar_notcrosses
D:2:      layout_basic
D:3:      layout_loops_cross, minmay_misc_feat_encased, uniq_grinder

Skill      XL: |  1 |
---------------+----+-----
Axes           | 4 |  4.6
Fighting       | |  3.9
Armour         | |  2.4
Dodging        | |  2.2

Action                   || total
-------------------------++-------
Melee: Hand axe          ||    41
       Headbutt          ||     2
       Punch             ||     1
Armor: Animal skin       ||     7
       Ring mail         ||     6
Dodge: Dodged            ||    28
